Workbook
Name Print_Area_0: 'MEDIÇÃO 8'!$A$1:$Q$241
Name Print_Area_0_0: 'MEDIÇÃO 8'!$A$1:$Q$242
Name Print_Area_0_0_0: 'MEDIÇÃO 8'!$A$1:$Q$240
Name Print_Area_0_0_0_0: 'MEDIÇÃO 8'!$A$1:$Q$238
Name Print_Area_0_0_0_0: 'MEMO CALCULO 08'!$A$1:$E$180
Name Print_Area_0_0_0_0_0: 'MEDIÇÃO 8'!$A$13:$Q$240
Name Print_Area_0_0_0_0_0_0: 'MEDIÇÃO 8'!$A$13:$Q$237

Sheet MEDIÇÃO 8
A1: PREFEITURA MUNICIPAL DE SO ROQUE DO CANA Estado do Esprito Santo SECRETARIA MUNICIPAL DE OBRAS E SERVIÇOS URBANOS – SETOR DE ENGENHARIA
A13: BOLETIM DE | E13: =L18 -> MEDIÇÃO 08 | N13: DATA: 10/02/2026
A14: OBRA: CONSTRUÇÃO DE UM CENTRO DE CONVIVÊNCIA E FORTALECIMENTO DE VÍNCULOS | F14: CONTRATO Nº: | H14: 037/2025 | K14: Assinatura: 24/03/2025 | N14: INÍCIO: | P14: 45747
N15: TÉRMINO: | P15: 46077
A16: LOCAL: DISTRITO DE SÃO JACINTO, SÃO ROQUE DO CANAÃ-ES | H16: PERÍODO: | I16: 45958 | K16: a | L16: 46052 | N16: PRAZO: | P16: 240 DIAS + 90 DIAS
A17: EMPREITEIRA: DELFIN CONSTRUTORA LTDA | I17: =L18 -> MEDIÇÃO 08 | L17: =O227 -> 190200.5 | N17: % MÊS: | O17: =K227 -> 0.19238535 | P17: % ACUM: | Q17: =K228 -> 0.69029
A18: ITEM | B18: ESPECIFICAÇÃO | C18: UNID. | D18: QUANT. | E18: PREÇO UNIT R$ | F18: 1º REPLANILHAMENTO | I18: ACUMULADO ANTERIOR | L18: MEDIÇÃO 08 | O18: TOTAL MEDIDO
F19: ACRÉSC. | G19: DECRÉSC. | H19: QUANT. ATUALIZADA | I19: QUANT. | J19: TOTAL | K19: % | L19: QUANT. | M19: TOTAL | N19: % | O19: QUANT. | P19: TOTAL | Q19: %
A20: 1 | B20: INSTALAÇÃO DO CANTEIRO DE OBRAS | M20: =SUM(M21:M23) -> 0 | P20: =SUM(P21:P23) -> 22521.215
A21: 1.1 | B21: Placa de obra nas dimensões de 2.0 x 4.0 m, padrão der | C21: m2 | D21: 8 | E21: 371.19907 | F21: 0 | G21: 0 | H21: =D21+F21-G21 -> 8 | I21: 8 | J21: =I21*E21 -> 2969.5925 | K21: =I21/H21 -> 1 | L21: =IFERROR(VLOOKUP(A21,'MEMO CALCULO 08'!$B$8:$E$202,4,0),0) -> 0 | M21: =L21*E21 -> 0 | N21: =L21/H21 -> 0 | O21: =I21+L21 -> 8 | P21: =J21+M21 -> 2969.5925 | Q21: =K21+N21 -> 1
A22: 1.2 | B22: Barracão para almoxarifado área de 10.90m2, de chapa de compensado de 12mm e pontalete 8x8cm, piso cimentado e cobertura de telhas de fibrocimento de 6mm, incl. Ponto de luz, conf. Projeto (1 utilização) | C22: m2 | D22: 10.9 | E22: 688.29704 | F22: 0 | G22: 0 | H22: =D22+F22-G22 -> 10.9 | I22: 10.9 | J22: =I22*E22 -> 7502.4377 | K22: =I22/H22 -> 1 | L22: =IFERROR(VLOOKUP(A22,'MEMO CALCULO 08'!$B$8:$E$202,4,0),0) -> 0 | M22: =L22*E22 -> 0 | N22: =L22/H22 -> 0 | O22: =I22+L22 -> 10.9 | P22: =J22+M22 -> 7502.4377 | Q22: =K22+N22 -> 1
A23: 1.3 | B23: Tapume telha metálica ondulada em aço galvalume 0,50mm branca h=2,20m, incl. Montagem estr. Mad. 8"x8", c/adesivo "der-es" 60x60cm a cada 10m, incl. Faixas pint. Esmalte sint. Cores azul c/ h=30cm e rosa c/ h=10cm (reaproveitamento 2x) | C23: m | D23: 78 | E23: 154.47673 | F23: 0 | G23: 0 | H23: =D23+F23-G23 -> 78 | I23: 78 | J23: =I23*E23 -> 12049.185 | K23: =I23/H23 -> 1 | L23: =IFERROR(VLOOKUP(A23,'MEMO CALCULO 08'!$B$8:$E$202,4,0),0) -> 0 | M23: =L23*E23 -> 0 | N23: =L23/H23 -> 0 | O23: =I23+L23 -> 78 | P23: =J23+M23 -> 12049.185 | Q23: =K23+N23 -> 1
A24: 2 | B24: SERVIÇOS PRELIMINARES | M24: =SUM(M25) -> 0 | P24: =SUM(P25) -> 2647.9789
A25: 2.1 | B25: Locação de obra com gabarito de madeira | C25: m2 | D25: 223.46 | E25: 11.849901 | F25: 0 | G25: 0 | H25: =D25+F25-G25 -> 223.46 | I25: 223.46 | J25: =I25*E25 -> 2647.9789 | K25: =I25/H25 -> 1 | L25: =IFERROR(VLOOKUP(A25,'MEMO CALCULO 08'!$B$8:$E$202,4,0),0) -> 0 | M25: =L25*E25 -> 0 | N25: =L25/H25 -> 0 | O25: =I25+L25 -> 223.46 | P25: =J25+M25 -> 2647.9789 | Q25: =K25+N25 -> 1
A26: 3 | B26: MOVIMENTAÇÃO DE TERRA | M26: =SUM(M27:M29) -> 0 | P26: =SUM(P27:P29) -> 7266.9623
A27: 3.1 | B27: Escavação manual em material de 1a. Categoria, até 1.50 m de profundidade | C27: m3 | D27: 46.46 | E27: 61.719763 | F27: 0 | G27: 0 | H27: =D27+F27-G27 -> 46.46 | I27: 42.61825 | J27: =I27*E27 -> 2630.3883 | K27: =I27/H27 -> 0.91731059 | L27: =IFERROR(VLOOKUP(A27,'MEMO CALCULO 08'!$B$8:$E$202,4,0),0) -> 0 | M27: =L27*E27 -> 0 | N27: =L27/H27 -> 0 | O27: =I27+L27 -> 42.61825 | P27: =J27+M27 -> 2630.3883 | Q27: =K27+N27 -> 0.91731059
A28: 3.2 | B28: Reaterro apiloado de cavas de fundação, em camadas de 20 cm | C28: m3 | D28: 33.05 | E28: 66.464615 | F28: 0 | G28: 0 | H28: =D28+F28-G28 -> 33.05 | I28: 29.92 | J28: =I28*E28 -> 1988.6213 | K28: =I28/H28 -> 0.90529501 | L28: =IFERROR(VLOOKUP(A28,'MEMO CALCULO 08'!$B$8:$E$202,4,0),0) -> 0 | M28: =L28*E28 -> 0 | N28: =L28/H28 -> 0 | O28: =I28+L28 -> 29.92 | P28: =J28+M28 -> 1988.6213 | Q28: =K28+N28 -> 0.90529501
A29: 3.3 | B29: Aterro com areia em áreas de calçada, inclusive fornecimento e adensamento | C29: m3 | D29: 13.4 | E29: 197.60841 | F29: 0 | G29: 0 | H29: =D29+F29-G29 -> 13.4 | I29: 13.4 | J29: =I29*E29 -> 2647.9527 | K29: =I29/H29 -> 1 | L29: =IFERROR(VLOOKUP(A29,'MEMO CALCULO 08'!$B$8:$E$202,4,0),0) -> 0 | M29: =L29*E29 -> 0 | N29: =L29/H29 -> 0 | O29: =I29+L29 -> 13.4 | P29: =J29+M29 -> 2647.9527 | Q29: =K29+N29 -> 1
A30: 4 | B30: INFRAESTRUTURA | M30: =SUM(M31:M37) -> 0 | P30: =SUM(P31:P37) -> 51378.598
A31: 4.1 | B31: Fornecimento, preparo e aplicação de concreto magro com consumo mínimo de cimento de 250 kg/m3 (brita 1 e 2) - (5% de perdas já incluído no custo) | C31: m3 | D31: 2.1 | E31: 742.09241 | F31: 0 | G31: 0 | H31: =D31+F31-G31 -> 2.1 | I31: 1.994 | J31: =I31*E31 -> 1479.7323 | K31: =I31/H31 -> 0.94952381 | L31: =IFERROR(VLOOKUP(A31,'MEMO CALCULO 08'!$B$8:$E$202,4,0),0) -> 0 | M31: =L31*E31 -> 0 | N31: =L31/H31 -> 0 | O31: =I31+L31 -> 1.994 | P31: =J31+M31 -> 1479.7323 | Q31: =K31+N31 -> 0.94952381
A32: 4.2 | B32: Fornecimento, preparo e aplicação de concreto fck=20 mpa (brita 1 e 2) - (5% de perdas já incluído no custo) | C32: m3 | D32: 14.41 | E32: 791.70546 | F32: 0 | G32: 0 | H32: =D32+F32-G32 -> 14.41 | I32: 13.41 | J32: =I32*E32 -> 10616.77 | K32: =I32/H32 -> 0.93060375 | L32: =IFERROR(VLOOKUP(A32,'MEMO CALCULO 08'!$B$8:$E$202,4,0),0) -> 0 | M32: =L32*E32 -> 0 | N32: =L32/H32 -> 0 | O32: =I32+L32 -> 13.41 | P32: =J32+M32 -> 10616.77 | Q32: =K32+N32 -> 0.93060375
A33: 4.3 | B33: Fôrma de chapa compensada resinada 12mm, levando-se em conta a utilização 3 vezes (incluido o material, corte, montagem, escoramento e desfôrma) | C33: m2 | D33: 133.88 | E33: 93.405102 | F33: 22.8794 | G33: 0 | H33: =D33+F33-G33 -> 156.7594 | I33: 133.88 | J33: =I33*E33 -> 12505.075 | K33: =I33/H33 -> 0.85404767 | L33: =IFERROR(VLOOKUP(A33,'MEMO CALCULO 08'!$B$8:$E$202,4,0),0) -> 0 | M33: =L33*E33 -> 0 | N33: =L33/H33 -> 0 | O33: =I33+L33 -> 133.88 | P33: =J33+M33 -> 12505.075 | Q33: =K33+N33 -> 0.85404767
A34: 4.4 | B34: Fornecimento, preparo e aplicação de concreto fck=25 mpa (brita 1 e 2) - (5% de perdas já incluído no custo) | C34: m3 | D34: 13.8 | E34: 818.40137 | F34: 0.92725 | G34: 0 | H34: =D34+F34-G34 -> 14.72725 | I34: 12.84725 | J34: =I34*E34 -> 10514.207 | K34: =I34/H34 -> 0.87234548 | L34: =IFERROR(VLOOKUP(A34,'MEMO CALCULO 08'!$B$8:$E$202,4,0),0) -> 0 | M34: =L34*E34 -> 0 | N34: =L34/H34 -> 0 | O34: =I34+L34 -> 12.84725 | P34: =J34+M34 -> 10514.207 | Q34: =K34+N34 -> 0.87234548
A35: 4.5 | B35: Fornecimento, dobragem e colocação em fôrma, de armadura ca-60 b fina, diâmetro de 4.0 a 7.0mm | C35: kg | D35: 545.35 | E35: 12.498038 | F35: 0 | G35: 0 | H35: =D35+F35-G35 -> 545.35 | I35: 431.41267 | J35: =I35*E35 -> 5391.8119 | K35: =I35/H35 -> 0.79107484 | L35: =IFERROR(VLOOKUP(A35,'MEMO CALCULO 08'!$B$8:$E$202,4,0),0) -> 0 | M35: =L35*E35 -> 0 | N35: =L35/H35 -> 0 | O35: =I35+L35 -> 431.41267 | P35: =J35+M35 -> 5391.8119 | Q35: =K35+N35 -> 0.79107484
A36: 4.6 | B36: Fornecimento, dobragem e colocação em fôrma, de armadura ca-50 a média, diâmetro de 6.3 a 10.0 mm | C36: kg | D36: 873.41 | E36: 12.021107 | F36: 79.34975 | G36: 0 | H36: =D36+F36-G36 -> 952.75975 | I36: 873.41 | J36: =I36*E36 -> 10499.355 | K36: =I36/H36 -> 0.91671589 | L36: =IFERROR(VLOOKUP(A36,'MEMO CALCULO 08'!$B$8:$E$202,4,0),0) -> 0 | M36: =L36*E36 -> 0 | N36: =L36/H36 -> 0 | O36: =I36+L36 -> 873.41 | P36: =J36+M36 -> 10499.355 | Q36: =K36+N36 -> 0.91671589
A37: 4.7 | B37: Aplicação de lona plástica para execução de pavimentos de concreto | C37: m² | D37: 223.46 | E37: 1.663144 | F37: 0 | G37: 0 | H37: =D37+F37-G37 -> 223.46 | I37: 223.46 | J37: =I37*E37 -> 371.64616 | K37: =I37/H37 -> 1 | L37: =IFERROR(VLOOKUP(A37,'MEMO CALCULO 08'!$B$8:$E$202,4,0),0) -> 0 | M37: =L37*E37 -> 0 | N37: =L37/H37 -> 0 | O37: =I37+L37 -> 223.46 | P37: =J37+M37 -> 371.64616 | Q37: =K37+N37 -> 1
A38: 5 | B38: SUPERESTRUTURA | M38: =SUM(M39:M44) -> 0 | P38: =SUM(P39:P44) -> 110881.27
A39: 5.1 | B39: Fôrma em chapa de madeira compensada plastificada 12mm para estrutura em geral, 5 reaproveitamentos, reforçada com sarrafos de madeira 2.5x10cm (incl material, corte, montagem, escoras em eucalipto e desforma) | C39: m2 | D39: 319.31 | E39: 111.30836 | F39: 0 | G39: 0 | H39: =D39+F39-G39 -> 319.31 | I39: 267.3166 | J39: =I39*E39 -> 29754.572 | K39: =I39/H39 -> 0.83716952 | L39: =IFERROR(VLOOKUP(A39,'MEMO CALCULO 08'!$B$8:$E$202,4,0),0) -> 0 | M39: =L39*E39 -> 0 | N39: =L39/H39 -> 0 | O39: =I39+L39 -> 267.3166 | P39: =J39+M39 -> 29754.572 | Q39: =K39+N39 -> 0.83716952
A40: 5.2 | B40: Fornecimento, preparo e aplicação de concreto fck=25 mpa (brita 1 e 2) - (5% de perdas já incluído no custo) | C40: m3 | D40: 21.99 | E40: 938.86925 | F40: 0 | G40: 0 | H40: =D40+F40-G40 -> 21.99 | I40: 18.0187 | J40: =I40*E40 -> 16917.203 | K40: =I40/H40 -> 0.81940427 | L40: =IFERROR(VLOOKUP(A40,'MEMO CALCULO 08'!$B$8:$E$202,4,0),0) -> 0 | M40: =L40*E40 -> 0 | N40: =L40/H40 -> 0 | O40: =I40+L40 -> 18.0187 | P40: =J40+M40 -> 16917.203 | Q40: =K40+N40 -> 0.81940427
A41: 5.3 | B41: Fornecimento, dobragem e colocação em fôrma, de armadura ca-60 b fina, diâmetro de 4.0 a 7.0mm | C41: kg | D41: 323.46 | E41: 12.498038 | F41: 26.197 | G41: 0 | H41: =D41+F41-G41 -> 349.657 | I41: 318.66 | J41: =I41*E41 -> 3982.6248 | K41: =I41/H41 -> 0.91135027 | L41: =IFERROR(VLOOKUP(A41,'MEMO CALCULO 08'!$B$8:$E$202,4,0),0) -> 0 | M41: =L41*E41 -> 0 | N41: =L41/H41 -> 0 | O41: =I41+L41 -> 318.66 | P41: =J41+M41 -> 3982.6248 | Q41: =K41+N41 -> 0.91135027
A42: 5.4 | B42: Fornecimento, dobragem e colocação em fôrma, de armadura ca-50 a média, diâmetro de 6.3 a 10.0 mm | C42: kg | D42: 1141.22 | E42: 12.021107 | F42: 128.4465 | G42: 0 | H42: =D42+F42-G42 -> 1269.6665 | I42: 1141.22 | J42: =I42*E42 -> 13718.728 | K42: =I42/H42 -> 0.89883445 | L42: =IFERROR(VLOOKUP(A42,'MEMO CALCULO 08'!$B$8:$E$202,4,0),0) -> 0 | M42: =L42*E42 -> 0 | N42: =L42/H42 -> 0 | O42: =I42+L42 -> 1141.22 | P42: =J42+M42 -> 13718.728 | Q42: =K42+N42 -> 0.89883445
A43: 5.5 | B43: Laje pré-fabricada treliçada, sobrecarga 300 kg/m2, vão de 3.5m a 4.3m, capeamento 4cm, esp. 12cm, fck = 150 kg/cm2 | C43: m2 | D43: 306.44 | E43: 161.01924 | F43: 0 | G43: 0 | H43: =D43+F43-G43 -> 306.44 | I43: 282.71 | J43: =I43*E43 -> 45521.75 | K43: =I43/H43 -> 0.92256233 | L43: =IFERROR(VLOOKUP(A43,'MEMO CALCULO 08'!$B$8:$E$202,4,0),0) -> 0 | M43: =L43*E43 -> 0 | N43: =L43/H43 -> 0 | O43: =I43+L43 -> 282.71 | P43: =J43+M43 -> 45521.75 | Q43: =K43+N43 -> 0.92256233
A44: 5.6 | B44: Pintura impermeabilizante com igolflex ou equivalente a 3 demãos | C44: m2 | D44: 23.73 | E44: 54.137783 | F44: 0 | G44: 0 | H44: =D44+F44-G44 -> 23.73 | I44: 18.22 | J44: =I44*E44 -> 986.39041 | K44: =I44/H44 -> 0.76780447 | L44: =IFERROR(VLOOKUP(A44,'MEMO CALCULO 08'!$B$8:$E$202,4,0),0) -> 0 | M44: =L44*E44 -> 0 | N44: =L44/H44 -> 0 | O44: =I44+L44 -> 18.22 | P44: =J44+M44 -> 986.39041 | Q44: =K44+N44 -> 0.76780447
A45: 6 | B45: PAREDES E PAINÉIS | M45: =SUM(M46:M50) -> 41430.808 | P45: =SUM(P46:P50) -> 111374.94
A46: 6.1.1 | B46: Alvenaria de blocos cerâmicos 10 furos 10x20x20cm, assentados c/argamassa de cimento, cal hidratada ch1 e areia traço 1:0,5:8, esp. Das juntas 12mm e esp. Das paredes s/revestimento, 10cm (bloco comprado na fábrica, posto obra) | C46: m2 | D46: 439.07 | E46: 72.346764 | F46: 76.61525 | G46: 0 | H46: =D46+F46-G46 -> 515.68525 | I46: 439.07 | J46: =I46*E46 -> 31765.294 | K46: =I46/H46 -> 0.85143021 | L46: =IFERROR(VLOOKUP(A46,'MEMO CALCULO 08'!$B$8:$E$202,4,0),0) -> 75.124 | M46: =L46*E46 -> 5434.9783 | N46: =L46/H46 -> 0.14567801 | O46: =I46+L46 -> 514.194 | P46: =J46+M46 -> 37200.272 | Q46: =K46+N46 -> 0.99710822
A47: 6.1.2 | B47: Verga/contraverga reta de concreto armado 10 x 5 cm, fck = 15 mpa, inclusive forma, armação e desforma | C47: m | D47: 82.05 | E47: 10.627001 | F47: 19.05 | G47: 0 | H47: =D47+F47-G47 -> 101.1 | I47: 80.55 | J47: =I47*E47 -> 856.00493 | K47: =I47/H47 -> 0.79673591 | L47: =IFERROR(VLOOKUP(A47,'MEMO CALCULO 08'!$B$8:$E$202,4,0),0) -> 19.05 | M47: =L47*E47 -> 202.44437 | N47: =L47/H47 -> 0.1884273 | O47: =I47+L47 -> 99.6 | P47: =J47+M47 -> 1058.4493 | Q47: =K47+N47 -> 0.9851632
A48: 6.1.3 | B48: Chapisco de argamassa de cimento e areia média ou grossa lavada, no traço 1:3, espessura 5 mm | C48: m2 | D48: 1017.15 | E48: 7.94885 | F48: 31.508 | G48: 0 | H48: =D48+F48-G48 -> 1048.658 | I48: 1004.0675 | J48: =I48*E48 -> 7981.1819 | K48: =I48/H48 -> 0.95747851 | L48: =IFERROR(VLOOKUP(A48,'MEMO CALCULO 08'!$B$8:$E$202,4,0),0) -> 0 | M48: =L48*E48 -> 0 | N48: =L48/H48 -> 0 | O48: =I48+L48 -> 1004.0675 | P48: =J48+M48 -> 7981.1819 | Q48: =K48+N48 -> 0.95747851
A49: 6.1.4 | B49: Emboço de argamassa de cimento, cal hidratada ch1 e areia média ou grossa lavada no traço 1:0.5:6, espessura 20 mm | C49: m2 | D49: 257.83 | E49: 38.325686 | F49: 846.2775 | G49: 0 | H49: =D49+F49-G49 -> 1104.1075 | I49: 257.83 | J49: =I49*E49 -> 9881.5116 | K49: =I49/H49 -> 0.23351893 | L49: =IFERROR(VLOOKUP(A49,'MEMO CALCULO 08'!$B$8:$E$202,4,0),0) -> 807.356 | M49: =L49*E49 -> 30942.473 | N49: =L49/H49 -> 0.73122952 | O49: =I49+L49 -> 1065.186 | P49: =J49+M49 -> 40823.984 | Q49: =K49+N49 -> 0.96474845
A50: 6.1.5 | B50: Reboco de argamassa de cimento, cal hidratada ch1 e areia média ou grossa lavada no traço 1:0.5:6, espessura 5mm | C50: m2 | D50: 728.96 | E50: 26.695907 | F50: 209.3025 | G50: 0 | H50: =D50+F50-G50 -> 938.2625 | I50: 728.956 | J50: =I50*E50 -> 19460.142 | K50: =I50/H50 -> 0.77692117 | L50: =IFERROR(VLOOKUP(A50,'MEMO CALCULO 08'!$B$8:$E$202,4,0),0) -> 181.71 | M50: =L50*E50 -> 4850.9133 | N50: =L50/H50 -> 0.19366648 | O50: =I50+L50 -> 910.666 | P50: =J50+M50 -> 24311.055 | Q50: =K50+N50 -> 0.97058766
A51: 7 | B51: REVESTIMENTOS | M51: =SUM(M52:M53) -> 0 | P51: =SUM(P52:P53) -> 15668.233
A52: 7.1 | B52: Azulejo branco 15 x 15 cm, juntas a prumo, assentado com argamassa de cimento colante, inclusive rejuntamento com cimento branco, marcas de referência eliane, cecrisa ou portobello | C52: m2 | D52: 142.63 | E52: 117.59406 | F52: 0 | G52: 0 | H52: =D52+F52-G52 -> 142.63 | I52: 133.24 | J52: =I52*E52 -> 15668.233 | K52: =I52/H52 -> 0.93416532 | L52: =IFERROR(VLOOKUP(A52,'MEMO CALCULO 08'!$B$8:$E$202,4,0),0) -> 0 | M52: =L52*E52 -> 0 | N52: =L52/H52 -> 0 | O52: =I52+L52 -> 133.24 | P52: =J52+M52 -> 15668.233 | Q52: =K52+N52 -> 0.93416532
A53: 7.2 | B53: Rodapé de mármore ou granito, assentado com argamassa de cimento, cal hidratada ch1 e areia no traço 1:0,5:8, incl. Rejuntamento com cimento branco, h=7cm | C53: m | D53: 138.72 | E53: 55.482973 | F53: 1.87 | G53: 0 | H53: =D53+F53-G53 -> 140.59 | I53: 0 | J53: =I53*E53 -> 0 | K53: =I53/H53 -> 0 | L53: =IFERROR(VLOOKUP(A53,'MEMO CALCULO 08'!$B$8:$E$202,4,0),0) -> 0 | M53: =L53*E53 -> 0 | N53: =L53/H53 -> 0 | O53: =I53+L53 -> 0 | P53: =J53+M53 -> 0 | Q53: =K53+N53 -> 0
A54: 8 | B54: PISOS | M54: =SUM(M55:M59) -> 0 | P54: =SUM(P55:P59) -> 5906.9426
A55: 8.1 | B55: Piso argamassa alta resistência tipo granilite ou equiv de qualidade comprovada, esp de 10mm, com juntas plástica em quadros de 1m, na cor natural, com acabamento anti-derrapante mecanizado, inclusive regularização e=3.0cm | C55: m2 | D55: 11.2 | E55: 143.59292 | F55: 0.5 | G55: 0 | H55: =D55+F55-G55 -> 11.7 | I55: 0 | J55: =I55*E55 -> 0 | K55: =I55/H55 -> 0 | L55: =IFERROR(VLOOKUP(A55,'MEMO CALCULO 08'!$B$8:$E$202,4,0),0) -> 0 | M55: =L55*E55 -> 0 | N55: =L55/H55 -> 0 | O55: =I55+L55 -> 0 | P55: =J55+M55 -> 0 | Q55: =K55+N55 -> 0
A56: 8.2 | B56: Piso argamassa alta resistência tipo granilite ou equiv de qualidade comprovada, esp de 10mm, com juntas plástica em quadros de 1m, na cor natural, com acabamento polido mecanizado, inclusive regularização e=3.0cm | C56: m2 | D56: 202.24 | E56: 158.10874 | F56: 0 | G56: 0 | H56: =D56+F56-G56 -> 202.24 | I56: 37.36 | J56: =I56*E56 -> 5906.9426 | K56: =I56/H56 -> 0.18473101 | L56: =IFERROR(VLOOKUP(A56,'MEMO CALCULO 08'!$B$8:$E$202,4,0),0) -> 0 | M56: =L56*E56 -> 0 | N56: =L56/H56 -> 0 | O56: =I56+L56 -> 37.36 | P56: =J56+M56 -> 5906.9426 | Q56: =K56+N56 -> 0.18473101
A57: 8.3 | B57: Passeio de cimentado camurçado com argamassa de cimento e areia no traço 1:3 esp. 1.5cm, e lastro de concreto com 8cm de espessura, inclusive preparo de caixa | C57: m2 | D57: 50.06 | E57: 172.62456 | F57: 0 | G57: 0 | H57: =D57+F57-G57 -> 50.06 | I57: 0 | J57: =I57*E57 -> 0 | K57: =I57/H57 -> 0 | L57: =IFERROR(VLOOKUP(A57,'MEMO CALCULO 08'!$B$8:$E$202,4,0),0) -> 0 | M57: =L57*E57 -> 0 | N57: =L57/H57 -> 0 | O57: =I57+L57 -> 0 | P57: =J57+M57 -> 0 | Q57: =K57+N57 -> 0
A58: 8.4 | B58: Fornecimento e assentamento de ladrilho hidráulico pastilhado, vermelho, dim. 20x20 cm, esp. 1.5cm, assentado com pasta de cimento colante, exclusive regularização e lastro | C58: m2 | D58: 45 | E58: 96.645787 | F58: 0 | G58: 0 | H58: =D58+F58-G58 -> 45 | I58: 0 | J58: =I58*E58 -> 0 | K58: =I58/H58 -> 0 | L58: =IFERROR(VLOOKUP(A58,'MEMO CALCULO 08'!$B$8:$E$202,4,0),0) -> 0 | M58: =L58*E58 -> 0 | N58: =L58/H58 -> 0 | O58: =I58+L58 -> 0 | P58: =J58+M58 -> 0 | Q58: =K58+N58 -> 0
A59: 8.5 | B59: Soleira de granito esp. 2 cm e largura de 15 cm | C59: m | D59: 94.2 | E59: 60.961565 | F59: 5.95 | G59: 0 | H59: =D59+F59-G59 -> 100.15 | I59: 0 | J59: =I59*E59 -> 0 | K59: =I59/H59 -> 0 | L59: =IFERROR(VLOOKUP(A59,'MEMO CALCULO 08'!$B$8:$E$202,4,0),0) -> 0 | M59: =L59*E59 -> 0 | N59: =L59/H59 -> 0 | O59: =I59+L59 -> 0 | P59: =J59+M59 -> 0 | Q59: =K59+N59 -> 0
A60: 9 | B60: TETOS E FORROS | M60: =SUM(M61) -> 0 | P60: =SUM(P61) -> 11826.676
A61: 9.1 | B61: Forro de gesso acabamento tipo liso | C61: m2 | D61: 202.24 | E61: 58.47842 | F61: 48.51 | G61: 0 | H61: =D61+F61-G61 -> 250.75 | I61: 202.24 | J61: =I61*E61 -> 11826.676 | K61: =I61/H61 -> 0.80654038 | L61: =IFERROR(VLOOKUP(A61,'MEMO CALCULO 08'!$B$8:$E$202,4,0),0) -> 0 | M61: =L61*E61 -> 0 | N61: =L61/H61 -> 0 | O61: =I61+L61 -> 202.24 | P61: =J61+M61 -> 11826.676 | Q61: =K61+N61 -> 0.80654038
A62: 10 | B62: PINTURA | M62: =SUM(M63:M72) -> 0 | P62: =SUM(P63:P72) -> 9557.5603
A63: 10.1 | B63: SOBRE PAREDES E FORROS
A64: 10.1.1 | B64: Emassamento de paredes e forros, com duas demãos de massa acrílica, marcas de referência suvinil, coral ou metalatex | C64: m2 | D64: 345.42 | E64: 21.914368 | F64: 79.613 | G64: 0 | H64: =D64+F64-G64 -> 425.033 | I64: 343.74 | J64: =I64*E64 -> 7532.8449 | K64: =I64/H64 -> 0.8087372 | L64: =IFERROR(VLOOKUP(A64,'MEMO CALCULO 08'!$B$8:$E$202,4,0),0) -> 0 | M64: =L64*E64 -> 0 | N64: =L64/H64 -> 0 | O64: =I64+L64 -> 343.74 | P64: =J64+M64 -> 7532.8449 | Q64: =K64+N64 -> 0.8087372
A65: 10.1.2 | B65: Pintura em paredes e forros, aplicação manual, com três demão de tinta látex acrílico premium, referência coral e metalatex, inclusive uma demão de liquido selador acrílico, referência suvinil, coral ou metalatex ou equivalente | C65: m2 | D65: 779.65 | E65: 30.5725 | F65: 437.0045 | G65: 0 | H65: =D65+F65-G65 -> 1216.6545 | I65: 0 | J65: =I65*E65 -> 0 | K65: =I65/H65 -> 0 | L65: =IFERROR(VLOOKUP(A65,'MEMO CALCULO 08'!$B$8:$E$202,4,0),0) -> 0 | M65: =L65*E65 -> 0 | N65: =L65/H65 -> 0 | O65: =I65+L65 -> 0 | P65: =J65+M65 -> 0 | Q65: =K65+N65 -> 0
A66: 10.2 | B66: SOBRE MADEIRA
A67: 10.2.1 | B67: Emassamento de esquadrias e elementos de madeira, com duas demãos de massa à base água, referência suvinil, coral, sherwin williams ou equivalente, inclusive uma demão de fundo nivelador alquídico branco, referência suvinil, coral ou metalatex ou equivalente | C67: m2 | D67: 57.68 | E67: 56.913766 | F67: 0 | G67: 0 | H67: =D67+F67-G67 -> 57.68 | I67: 0 | J67: =I67*E67 -> 0 | K67: =I67/H67 -> 0 | L67: =IFERROR(VLOOKUP(A67,'MEMO CALCULO 08'!$B$8:$E$202,4,0),0) -> 0 | M67: =L67*E67 -> 0 | N67: =L67/H67 -> 0 | O67: =I67+L67 -> 0 | P67: =J67+M67 -> 0 | Q67: =K67+N67 -> 0
A68: 10.2.2 | B68: Pintura de esquadrias e elementos de madeira, aplicação manual, com duas demãos de tinta esmalte sintético referência suvinil, coral ou metalatex, inclusive fundo branco nivelador, referência suvinil, coral e metalatex ou equivalente | C68: m2 | D68: 57.68 | E68: 51.740899 | F68: 0 | G68: 0 | H68: =D68+F68-G68 -> 57.68 | I68: 0 | J68: =I68*E68 -> 0 | K68: =I68/H68 -> 0 | L68: =IFERROR(VLOOKUP(A68,'MEMO CALCULO 08'!$B$8:$E$202,4,0),0) -> 0 | M68: =L68*E68 -> 0 | N68: =L68/H68 -> 0 | O68: =I68+L68 -> 0 | P68: =J68+M68 -> 0 | Q68: =K68+N68 -> 0
A69: 10.3 | B69: SOBRE METAL
A70: 10.3.1 | B70: Pintura sobre metal, aplicação manual, com duas demãos de tinta esmalte sintético, referência suvinil, coral ou metalatex, inclusive uma demão de fundo anticorrosivo | C70: m2 | D70: 60.38 | E70: 52.291204 | F70: 27.968 | G70: 0 | H70: =D70+F70-G70 -> 88.348 | I70: 38.72 | J70: =I70*E70 -> 2024.7154 | K70: =I70/H70 -> 0.43826685 | L70: =IFERROR(VLOOKUP(A70,'MEMO CALCULO 08'!$B$8:$E$202,4,0),0) -> 0 | M70: =L70*E70 -> 0 | N70: =L70/H70 -> 0 | O70: =I70+L70 -> 38.72 | P70: =J70+M70 -> 2024.7154 | Q70: =K70+N70 -> 0.43826685
A71: 10.4 | B71: SOBRE PISOS
A72: 10.4.1 | B72: Pintura sobre concreto ou blocos cerâmicos aparentes, aplicação manual, com duas demãos de verniz acrílico a base de água, acabamento fosco, referência suvinil, coral, metalatex ou equivalente | C72: m2 | D72: 213.44 | E72: 0 | F72: 0 | G72: 0 | H72: =D72+F72-G72 -> 213.44 | I72: 0 | J72: =I72*E72 -> 0 | K72: =I72/H72 -> 0 | L72: =IFERROR(VLOOKUP(A72,'MEMO CALCULO 08'!$B$8:$E$202,4,0),0) -> 0 | M72: =L72*E72 -> 0 | N72: =L72/H72 -> 0 | O72: =I72+L72 -> 0 | P72: =J72+M72 -> 0 | Q72: =K72+N72 -> 0
A73: 11 | B73: VIDROS E ESPELHOS | M73: =SUM(M74:M76) -> 0 | P73: =SUM(P74:P76) -> 6611.6617
A74: 11.1 | B74: Vidro plano transparente liso, com 4 mm de espessura | C74: m2 | D74: 22.88 | E74: 288.97123 | F74: 1.65 | G74: 0 | H74: =D74+F74-G74 -> 24.53 | I74: 22.88 | J74: =I74*E74 -> 6611.6617 | K74: =I74/H74 -> 0.93273543 | L74: =IFERROR(VLOOKUP(A74,'MEMO CALCULO 08'!$B$8:$E$202,4,0),0) -> 0 | M74: =L74*E74 -> 0 | N74: =L74/H74 -> 0 | O74: =I74+L74 -> 22.88 | P74: =J74+M74 -> 6611.6617 | Q74: =K74+N74 -> 0.93273543
A75: 11.2 | B75: Espelho para banheiros espessura 4 mm, incluindo chapa compensada 10 mm, moldura de alumínio em perfil l 3/4", fixado com parafusos cromados | C75: m2 | D75: 2.16 | E75: 710.44376 | F75: 0 | G75: 0 | H75: =D75+F75-G75 -> 2.16 | I75: 0 | J75: =I75*E75 -> 0 | K75: =I75/H75 -> 0 | L75: =IFERROR(VLOOKUP(A75,'MEMO CALCULO 08'!$B$8:$E$202,4,0),0) -> 0 | M75: =L75*E75 -> 0 | N75: =L75/H75 -> 0 | O75: =I75+L75 -> 0 | P75: =J75+M75 -> 0 | Q75: =K75+N75 -> 0
A76: 11.3 | B76: Instalação de vidro temperado, e = 10 mm, encaixado em perfil u | C76: m2 | D76: 8.4 | E76: 602.24156 | F76: 0 | G76: 0 | H76: =D76+F76-G76 -> 8.4 | I76: 0 | J76: =I76*E76 -> 0 | K76: =I76/H76 -> 0 | L76: =IFERROR(VLOOKUP(A76,'MEMO CALCULO 08'!$B$8:$E$202,4,0),0) -> 0 | M76: =L76*E76 -> 0 | N76: =L76/H76 -> 0 | O76: =I76+L76 -> 0 | P76: =J76+M76 -> 0 | Q76: =K76+N76 -> 0
A77: 12 | B77: INSTALAÇÕES ELÉTRICAS | M77: =SUM(M78:M115) -> 0 | P77: =SUM(P78:P115) -> 37337.162
A78: 12.1 | B78: PADRÃO DE ENERGIA
A79: 12.1.1 | B79: Padrão de entrada de energia elétrica, trifásico, entrada aérea, a 4 fios, carga instalada em muro de 26001 até 34000w - 220/127v | C79: und | D79: 1 | E79: 3900.7697 | F79: 0 | G79: 0 | H79: =D79+F79-G79 -> 1 | I79: 0 | J79: =I79*E79 -> 0 | K79: =I79/H79 -> 0 | L79: =IFERROR(VLOOKUP(A79,'MEMO CALCULO 08'!$B$8:$E$202,4,0),0) -> 0 | M79: =L79*E79 -> 0 | N79: =L79/H79 -> 0 | O79: =I79+L79 -> 0 | P79: =J79+M79 -> 0 | Q79: =K79+N79 -> 0
A80: 12.1.2 | B80: Mureta de medição utilizando arg. Cimento, cal e areia, dimensões 1100x2000x200mm, com pilares e cintas, revestido com chapisco e reboco, inclusive pintura emassamento e pintura acrílica a três demãos, exclusive cobertura | C80: und | D80: 1 | E80: 1589.1219 | F80: 0 | G80: 0 | H80: =D80+F80-G80 -> 1 | I80: 0 | J80: =I80*E80 -> 0 | K80: =I80/H80 -> 0 | L80: =IFERROR(VLOOKUP(A80,'MEMO CALCULO 08'!$B$8:$E$202,4,0),0) -> 0 | M80: =L80*E80 -> 0 | N80: =L80/H80 -> 0 | O80: =I80+L80 -> 0 | P80: =J80+M80 -> 0 | Q80: =K80+N80 -> 0
A81: 12.2 | B81: QUADRO DE DISTRIBUIÇÃO
A82: 12.2.1 | B82: Quadro de distribuição de energia, de embutir, com 24 divisões modulares, com barramento | C82: und | D82: 1 | E82: 599.49004 | F82: 0 | G82: 0 | H82: =D82+F82-G82 -> 1 | I82: 1 | J82: =I82*E82 -> 599.49004 | K82: =I82/H82 -> 1 | L82: =IFERROR(VLOOKUP(A82,'MEMO CALCULO 08'!$B$8:$E$202,4,0),0) -> 0 | M82: =L82*E82 -> 0 | N82: =L82/H82 -> 0 | O82: =I82+L82 -> 1 | P82: =J82+M82 -> 599.49004 | Q82: =K82+N82 -> 1
A83: 12.3 | B83: QUADRO DE DISTRIBUIÇÃO
A84: 12.3.1 | B84: Mini-disjuntor monopolar 10a, curva c, 5ka, 127/220vca, referência siemens, ge, schneider ou equivalente | C84: und | D84: 5 | E84: 24.70258 | F84: 0 | G84: 0 | H84: =D84+F84-G84 -> 5 | I84: 4 | J84: =I84*E84 -> 98.81032 | K84: =I84/H84 -> 0.8 | L84: =IFERROR(VLOOKUP(A84,'MEMO CALCULO 08'!$B$8:$E$202,4,0),0) -> 0 | M84: =L84*E84 -> 0 | N84: =L84/H84 -> 0 | O84: =I84+L84 -> 4 | P84: =J84+M84 -> 98.81032 | Q84: =K84+N84 -> 0.8
A85: 12.3.2 | B85: Mini-disjuntor monopolar 16a, curva c, 5ka, 127/220vca, referência siemens, ge, schneider ou equivalente | C85: und | D85: 1 | E85: 24.70258 | F85: 2 | G85: 0 | H85: =D85+F85-G85 -> 3 | I85: 1 | J85: =I85*E85 -> 24.70258 | K85: =I85/H85 -> 0.33333333 | L85: =IFERROR(VLOOKUP(A85,'MEMO CALCULO 08'!$B$8:$E$202,4,0),0) -> 0 | M85: =L85*E85 -> 0 | N85: =L85/H85 -> 0 | O85: =I85+L85 -> 1 | P85: =J85+M85 -> 24.70258 | Q85: =K85+N85 -> 0.33333333
A86: 12.3.3 | B86: Mini-disjuntor monopolar 25a, curva c, 5ka, 127/220vca, referência siemens, ge, schneider ou equivalente | C86: und | D86: 1 | E86: 24.70258 | F86: 0 | G86: 0 | H86: =D86+F86-G86 -> 1 | I86: 0 | J86: =I86*E86 -> 0 | K86: =I86/H86 -> 0 | L86: =IFERROR(VLOOKUP(A86,'MEMO CALCULO 08'!$B$8:$E$202,4,0),0) -> 0 | M86: =L86*E86 -> 0 | N86: =L86/H86 -> 0 | O86: =I86+L86 -> 0 | P86: =J86+M86 -> 0 | Q86: =K86+N86 -> 0
A87: 12.3.4 | B87: Mini-disjuntor monopolar 32a, curva c, 5ka, 127/220vca, referência siemens, ge, schneider ou equivalente | C87: und | D87: 2 | E87: 24.70258 | F87: 0 | G87: 0 | H87: =D87+F87-G87 -> 2 | I87: 0 | J87: =I87*E87 -> 0 | K87: =I87/H87 -> 0 | L87: =IFERROR(VLOOKUP(A87,'MEMO CALCULO 08'!$B$8:$E$202,4,0),0) -> 0 | M87: =L87*E87 -> 0 | N87: =L87/H87 -> 0 | O87: =I87+L87 -> 0 | P87: =J87+M87 -> 0 | Q87: =K87+N87 -> 0
A88: 12.3.5 | B88: Mini-disjuntor monopolar 40a, curva c, 5ka, 127/220vca, referência siemens, ge, schneider ou equivalente | C88: und | D88: 1 | E88: 33.409628 | F88: 0 | G88: 0 | H88: =D88+F88-G88 -> 1 | I88: 0 | J88: =I88*E88 -> 0 | K88: =I88/H88 -> 0 | L88: =IFERROR(VLOOKUP(A88,'MEMO CALCULO 08'!$B$8:$E$202,4,0),0) -> 0 | M88: =L88*E88 -> 0 | N88: =L88/H88 -> 0 | O88: =I88+L88 -> 0 | P88: =J88+M88 -> 0 | Q88: =K88+N88 -> 0
A89: 12.3.6 | B89: Mini-disjuntor bipolar 16a, curva c, 5ka, 127/220vca, referência siemens, ge, schneider ou equivalente | C89: und | D89: 4 | E89: 71.930978 | F89: 0 | G89: 0 | H89: =D89+F89-G89 -> 4 | I89: 4 | J89: =I89*E89 -> 287.72391 | K89: =I89/H89 -> 1 | L89: =IFERROR(VLOOKUP(A89,'MEMO CALCULO 08'!$B$8:$E$202,4,0),0) -> 0 | M89: =L89*E89 -> 0 | N89: =L89/H89 -> 0 | O89: =I89+L89 -> 4 | P89: =J89+M89 -> 287.72391 | Q89: =K89+N89 -> 1
A90: 12.3.7 | B90: Mini-disjuntor tripolar 90 a, curva c, 5ka, 127/220vca, referência siemens, ge, schneider ou equivalente | C90: und | D90: 2 | E90: 236.74121 | F90: 0 | G90: 0 | H90: =D90+F90-G90 -> 2 | I90: 1 | J90: =I90*E90 -> 236.74121 | K90: =I90/H90 -> 0.5 | L90: =IFERROR(VLOOKUP(A90,'MEMO CALCULO 08'!$B$8:$E$202,4,0),0) -> 0 | M90: =L90*E90 -> 0 | N90: =L90/H90 -> 0 | O90: =I90+L90 -> 1 | P90: =J90+M90 -> 236.74121 | Q90: =K90+N90 -> 0.5
A91: 12.3.8 | B91: Interruptor diferencial bipolar dr 25a, 30ma ? 6ka, referência siemens, schneider, weg ou equivalente | C91: und | D91: 2 | E91: 139.47174 | F91: 0 | G91: 0 | H91: =D91+F91-G91 -> 2 | I91: 1 | J91: =I91*E91 -> 139.47174 | K91: =I91/H91 -> 0.5 | L91: =IFERROR(VLOOKUP(A91,'MEMO CALCULO 08'!$B$8:$E$202,4,0),0) -> 0 | M91: =L91*E91 -> 0 | N91: =L91/H91 -> 0 | O91: =I91+L91 -> 1 | P91: =J91+M91 -> 139.47174 | Q91: =K91+N91 -> 0.5
A92: 12.3.9 | B92: Interruptor diferencial bipolar dr 40a, 30ma ? 6ka, referência siemens, schneider, weg ou equivalente | C92: und | D92: 2 | E92: 144.27774 | F92: 0 | G92: 0 | H92: =D92+F92-G92 -> 2 | I92: 1 | J92: =I92*E92 -> 144.27774 | K92: =I92/H92 -> 0.5 | L92: =IFERROR(VLOOKUP(A92,'MEMO CALCULO 08'!$B$8:$E$202,4,0),0) -> 0 | M92: =L92*E92 -> 0 | N92: =L92/H92 -> 0 | O92: =I92+L92 -> 1 | P92: =J92+M92 -> 144.27774 | Q92: =K92+N92 -> 0.5
A93: 12.4 | B93: PONTOS ELÉTRICOS/ CABOS E ELETRODUTOS
A94: 12.4.1 | B94: Ponto padrão de luz no teto - considerando eletroduto pvc rígido de 3/4" inclusive conexões (4.5m), fio isolado pvc de 2.5mm2 (16.2m) e caixa pvc 4x4" (1 und) | C94: und | D94: 27 | E94: 231.89853 | F94: 0 | G94: 0 | H94: =D94+F94-G94 -> 27 | I94: 27 | J94: =I94*E94 -> 6261.2602 | K94: =I94/H94 -> 1 | L94: =IFERROR(VLOOKUP(A94,'MEMO CALCULO 08'!$B$8:$E$202,4,0),0) -> 0 | M94: =L94*E94 -> 0 | N94: =L94/H94 -> 0 | O94: =I94+L94 -> 27 | P94: =J94+M94 -> 6261.2602 | Q94: =K94+N94 -> 1
A95: 12.4.2 | B95: Ponto padrão de luz na parede - considerando eletroduto pvc rígido de 3/4" inclusive conexões (4.5m), fio isolado pvc de 2.5mm2 (16.2m) e caixa pvc 4x2" (1 und) | C95: und | D95: 7 | E95: 205.67955 | F95: 0 | G95: 0 | H95: =D95+F95-G95 -> 7 | I95: 7 | J95: =I95*E95 -> 1439.7569 | K95: =I95/H95 -> 1 | L95: =IFERROR(VLOOKUP(A95,'MEMO CALCULO 08'!$B$8:$E$202,4,0),0) -> 0 | M95: =L95*E95 -> 0 | N95: =L95/H95 -> 0 | O95: =I95+L95 -> 7 | P95: =J95+M95 -> 1439.7569 | Q95: =K95+N95 -> 1
A96: 12.4.3 | B96: Ponto padrão de tomada para ar refrigerado - considerando eletroduto pvc rígido de 3/4" inclusive conexões (6.0m), fio isolado pvc de 4.0mm2 (21.6m) e caixa pvc 4x2" (1 und) | C96: und | D96: 6 | E96: 347.93951 | F96: 0 | G96: 0 | H96: =D96+F96-G96 -> 6 | I96: 6 | J96: =I96*E96 -> 2087.637 | K96: =I96/H96 -> 1 | L96: =IFERROR(VLOOKUP(A96,'MEMO CALCULO 08'!$B$8:$E$202,4,0),0) -> 0 | M96: =L96*E96 -> 0 | N96: =L96/H96 -> 0 | O96: =I96+L96 -> 6 | P96: =J96+M96 -> 2087.637 | Q96: =K96+N96 -> 1
A97: 12.4.4 | B97: Ponto padrão de interruptor de 1 tecla paralelo - considerando eletroduto pvc rígido de 3/4" inclusive conexões (8.5m), fio isolado pvc de 2.5mm2 (28.8m) e caixa pvc 4x2" (1 und) | C97: und | D97: 10 | E97: 395.25351 | F97: 0 | G97: 0 | H97: =D97+F97-G97 -> 10 | I97: 10 | J97: =I97*E97 -> 3952.5351 | K97: =I97/H97 -> 1 | L97: =IFERROR(VLOOKUP(A97,'MEMO CALCULO 08'!$B$8:$E$202,4,0),0) -> 0 | M97: =L97*E97 -> 0 | N97: =L97/H97 -> 0 | O97: =I97+L97 -> 10 | P97: =J97+M97 -> 3952.5351 | Q97: =K97+N97 -> 1
A98: 12.4.5 | B98: Ponto padrão de interruptor de 1 tecla simples e 1 tomada dois pólos mais terra 10a/250v - considerando eletroduto pvc rígido de 3/4" inclusive conexões (4.5m), fio isolado pvc de 2.5mm2 (19.4m) e caixa pvc 4x2" (1 und) | C98: und | D98: 12 | E98: 247.64948 | F98: 0 | G98: 0 | H98: =D98+F98-G98 -> 12 | I98: 12 | J98: =I98*E98 -> 2971.7937 | K98: =I98/H98 -> 1 | L98: =IFERROR(VLOOKUP(A98,'MEMO CALCULO 08'!$B$8:$E$202,4,0),0) -> 0 | M98: =L98*E98 -> 0 | N98: =L98/H98 -> 0 | O98: =I98+L98 -> 12 | P98: =J98+M98 -> 2971.7937 | Q98: =K98+N98 -> 1
A99: 12.4.6 | B99: Ponto padrão de ventilador no teto - considerando eletroduto pvc rígido de 3/4" inclusive conexões (4.5m), fio isolado pvc de 2.5mm2 (21.6m) e caixa pvc 4x4" (1 und) | C99: und | D99: 5 | E99: 273.04911 | F99: 0 | G99: 0 | H99: =D99+F99-G99 -> 5 | I99: 5 | J99: =I99*E99 -> 1365.2456 | K99: =I99/H99 -> 1 | L99: =IFERROR(VLOOKUP(A99,'MEMO CALCULO 08'!$B$8:$E$202,4,0),0) -> 0 | M99: =L99*E99 -> 0 | N99: =L99/H99 -> 0 | O99: =I99+L99 -> 5 | P99: =J99+M99 -> 1365.2456 | Q99: =K99+N99 -> 1
A100: 12.4.7 | B100: Ponto padrão de tomada 2 pólos mais terra - considerando eletroduto pvc rígido de 3/4" inclusive conexões (5.0m), fio isolado pvc de 2.5mm2 (16.5m) e caixa pvc 4x2" (1 und) | C100: und | D100: 58 | E100: 235.38379 | F100: 13 | G100: 0 | H100: =D100+F100-G100 -> 71 | I100: 58 | J100: =I100*E100 -> 13652.26 | K100: =I100/H100 -> 0.81690141 | L100: =IFERROR(VLOOKUP(A100,'MEMO CALCULO 08'!$B$8:$E$202,4,0),0) -> 0 | M100: =L100*E100 -> 0 | N100: =L100/H100 -> 0 | O100: =I100+L100 -> 58 | P100: =J100+M100 -> 13652.26 | Q100: =K100+N100 -> 0.81690141
A101: 12.4.8 | B101: Cabo de cobre termoplástico (pvc) flexível isolado 450/750v, antichama bwf livre de chumbo, 70ºc - 2,5mm2 | C101: m | D101: 200 | E101: 7.618667 | F101: 0 | G101: 0 | H101: =D101+F101-G101 -> 200 | I101: 200 | J101: =I101*E101 -> 1523.7334 | K101: =I101/H101 -> 1 | L101: =IFERROR(VLOOKUP(A101,'MEMO CALCULO 08'!$B$8:$E$202,4,0),0) -> 0 | M101: =L101*E101 -> 0 | N101: =L101/H101 -> 0 | O101: =I101+L101 -> 200 | P101: =J101+M101 -> 1523.7334 | Q101: =K101+N101 -> 1
A102: 12.4.9 | B102: Cabo de cobre termoplástico (pvc) flexível isolado 450/750v, antichama bwf livre de chumbo, 70ºc ? 4,0mm2 | C102: m | D102: 80 | E102: 9.807658 | F102: 0 | G102: 0 | H102: =D102+F102-G102 -> 80 | I102: 51.94 | J102: =I102*E102 -> 509.40976 | K102: =I102/H102 -> 0.64925 | L102: =IFERROR(VLOOKUP(A102,'MEMO CALCULO 08'!$B$8:$E$202,4,0),0) -> 0 | M102: =L102*E102 -> 0 | N102: =L102/H102 -> 0 | O102: =I102+L102 -> 51.94 | P102: =J102+M102 -> 509.40976 | Q102: =K102+N102 -> 0.64925
A103: 12.4.10 | B103: Cabo de cobre termoplástico (pvc) flexível isolado 450/750v, antichama bwf livre de chumbo, 70ºc ? 10,0mm2 | C103: m | D103: 100 | E103: 18.355729 | F103: 0 | G103: 0 | H103: =D103+F103-G103 -> 100 | I103: 0 | J103: =I103*E103 -> 0 | K103: =I103/H103 -> 0 | L103: =IFERROR(VLOOKUP(A103,'MEMO CALCULO 08'!$B$8:$E$202,4,0),0) -> 0 | M103: =L103*E103 -> 0 | N103: =L103/H103 -> 0 | O103: =I103+L103 -> 0 | P103: =J103+M103 -> 0 | Q103: =K103+N103 -> 0
A104: 12.4.11 | B104: Cabo de cobre termoplástico (pvc) flexível isolado 450/750v, antichama bwf livre de chumbo, 70ºc ? 25,0mm2 | C104: m | D104: 100 | E104: 34.510238 | F104: 0 | G104: 0 | H104: =D104+F104-G104 -> 100 | I104: 0 | J104: =I104*E104 -> 0 | K104: =I104/H104 -> 0 | L104: =IFERROR(VLOOKUP(A104,'MEMO CALCULO 08'!$B$8:$E$202,4,0),0) -> 0 | M104: =L104*E104 -> 0 | N104: =L104/H104 -> 0 | O104: =I104+L104 -> 0 | P104: =J104+M104 -> 0 | Q104: =K104+N104 -> 0
A105: 12.4.12 | B105: Eletroduto de pvc rígido roscável, diâmetro 3/4", inclusive conexões | C105: m | D105: 85 | E105: 19.113927 | F105: 0 | G105: 0 | H105: =D105+F105-G105 -> 85 | I105: 80.09 | J105: =I105*E105 -> 1530.8344 | K105: =I105/H105 -> 0.94223529 | L105: =IFERROR(VLOOKUP(A105,'MEMO CALCULO 08'!$B$8:$E$202,4,0),0) -> 0 | M105: =L105*E105 -> 0 | N105: =L105/H105 -> 0 | O105: =I105+L105 -> 80.09 | P105: =J105+M105 -> 1530.8344 | Q105: =K105+N105 -> 0.94223529
A106: 12.4.13 | B106: Eletroduto de pvc rígido roscável, diâmetro 1", inclusive conexões | C106: m | D106: 50 | E106: 20.459117 | F106: 0 | G106: 0 | H106: =D106+F106-G106 -> 50 | I106: 25 | J106: =I106*E106 -> 511.47792 | K106: =I106/H106 -> 0.5 | L106: =IFERROR(VLOOKUP(A106,'MEMO CALCULO 08'!$B$8:$E$202,4,0),0) -> 0 | M106: =L106*E106 -> 0 | N106: =L106/H106 -> 0 | O106: =I106+L106 -> 25 | P106: =J106+M106 -> 511.47792 | Q106: =K106+N106 -> 0.5
A107: 12.5 | B107: TOMADAS E INTERRUPTORES
A108: 12.5.1 | B108: Interruptor de uma tecla paralelo 10a/250v, com placa 4x2" | C108: und | D108: 10 | E108: 46.311223 | F108: 0 | G108: 0 | H108: =D108+F108-G108 -> 10 | I108: 0 | J108: =I108*E108 -> 0 | K108: =I108/H108 -> 0 | L108: =IFERROR(VLOOKUP(A108,'MEMO CALCULO 08'!$B$8:$E$202,4,0),0) -> 0 | M108: =L108*E108 -> 0 | N108: =L108/H108 -> 0 | O108: =I108+L108 -> 0 | P108: =J108+M108 -> 0 | Q108: =K108+N108 -> 0
A109: 12.5.2 | B109: Interruptor de uma tecla simples 10a/250v e uma tomada 3 polos 10a/250v, padrão brasileiro, nbr 14136, linha branca, com placa 4x2" | C109: und | D109: 12 | E109: 66.733653 | F109: 0 | G109: 0 | H109: =D109+F109-G109 -> 12 | I109: 0 | J109: =I109*E109 -> 0 | K109: =I109/H109 -> 0 | L109: =IFERROR(VLOOKUP(A109,'MEMO CALCULO 08'!$B$8:$E$202,4,0),0) -> 0 | M109: =L109*E109 -> 0 | N109: =L109/H109 -> 0 | O109: =I109+L109 -> 0 | P109: =J109+M109 -> 0 | Q109: =K109+N109 -> 0
A110: 12.5.3 | B110: Tomada padrão brasileiro linha branca, nbr 14136 2 polos + terra 10a/250v, com placa 4x2" | C110: und | D110: 53 | E110: 41.713119 | F110: 14 | G110: 0 | H110: =D110+F110-G110 -> 67 | I110: 0 | J110: =I110*E110 -> 0 | K110: =I110/H110 -> 0 | L110: =IFERROR(VLOOKUP(A110,'MEMO CALCULO 08'!$B$8:$E$202,4,0),0) -> 0 | M110: =L110*E110 -> 0 | N110: =L110/H110 -> 0 | O110: =I110+L110 -> 0 | P110: =J110+M110 -> 0 | Q110: =K110+N110 -> 0
A111: 12.5.4 | B111: Tomada padrão brasileiro linha branca, nbr 14136 2 polos + terra 20a/250v, com placa 4x2" | C111: und | D111: 5 | E111: 47.852077 | F111: 0 | G111: 0 | H111: =D111+F111-G111 -> 5 | I111: 0 | J111: =I111*E111 -> 0 | K111: =I111/H111 -> 0 | L111: =IFERROR(VLOOKUP(A111,'MEMO CALCULO 08'!$B$8:$E$202,4,0),0) -> 0 | M111: =L111*E111 -> 0 | N111: =L111/H111 -> 0 | O111: =I111+L111 -> 0 | P111: =J111+M111 -> 0 | Q111: =K111+N111 -> 0
...

Sheet MEMO CALCULO 08
B2: PREFEITURA MUNICIPAL DE SÃO ROQUE DO CANAÃ
B8: MEMÓRIA DE CÁLCULO 8ª MEDIÇÃO
B9: OBRA: CONSTRUÇÃO DE UM CENTRO DE CONVIVÊNCIA E FORTALECIMENTO DE VÍNCULOS | D9: DATA: 10/02/2026
B10: LOCAL: DISTRITO DE SÃO JACINTO, SÃO ROQUE DO CANAÃ – ES
B11: ITEM | C11: DESCRIÇÃO | D11: UND | E11: QUANT.
B12: 6 | C12: =VLOOKUP(B12,'MEDIÇÃO 8'!$A$20:$C$224,2,0) -> PAREDES E PAINÉIS
B13: 6.1.1 | C13: =VLOOKUP(B13,'MEDIÇÃO 8'!$A$20:$C$224,2,0) -> Alvenaria de blocos cerâmicos 10 furos 10x20x20cm, assentados c/argamassa de cimento, cal hidratada ch1 e areia traço 1:0,5:8, esp. Das juntas 12mm e esp. Das paredes s/revestimento, 10cm (bloco comprado na fábrica, posto obra) | D13: =VLOOKUP(B13,'MEDIÇÃO 8'!$A$20:$C$198,3,0) -> m2 | E13: =SUM(D14:D21) -> 75.124
B14: Platibanda caixa d’água - Paredes fachadas (lado interno): 9,15 m x 2,90 m.: 26,54 m² | D14: 26.54
B15: Platibanda caixa d’água h=2m = 4,70 m x 2,20 m = 10,34 m² (baixo) | D15: 10.34
B16: Platibanda caixa d’água h=Var. (2,35 – 2m) = 4,75 m x 2,175 m = 10,33 m² (lateral) | D16: 10.33
B17: Estrutura da caixa d’água (lajota deitada) = 9,80 m x 0,60 m x 2 = 11,76 m² | D17: 11.76
B18: COBERTURA
B19: Platibanda telhado: 14,10 m (frente) + 22,30 m (lado direito) + 9,90 m (fundos) + 6,75 m + 4,20 m + 14,75 m) (lateral esquerda) x 1,60 m = 115,20 m² (medição 03)
B20: Desconto devido ao saldo = -31,51 m² (faltante da medição 03) | D20: 31.514
B21: (4,90 m + 4,70 m) x 1,60 m: 15,36 m² (referente as paredes da caixa d’ água com pagamento realizado da 3ª medição) | D21: -15.36
B22: 6.1.2 | C22: =VLOOKUP(B22,'MEDIÇÃO 8'!$A$20:$C$224,2,0) -> Verga/contraverga reta de concreto armado 10 x 5 cm, fck = 15 mpa, inclusive forma, armação e desforma | D22: =VLOOKUP(B22,'MEDIÇÃO 8'!$A$20:$C$198,3,0) -> m | E22: =SUM(D23:D29) -> 19.05
B23: MURETAS
B24: Área externa: mureta frente = 3,50 m x 2 vergas = 7,00 m | D24: 7
B25: Área externa: mureta Lateral = 3,75 m x 2 vergas = 7,50 m | D25: 7.5
B26: Área externa: Porta Frente = 2,00 m x 2 vergas = 4,00 m – 2,40 m: 1,60 m | D26: 1.6
B27: VÃOS
B28: Circulação: Recepção = (1,35 m + 0,40) m x 2 = 3,50 m – 2,95 m: 0,55 m | D28: 0.55
B29: Circulação: coordenação = (0,80 m + 0,40 m) x 2 = 2,40 m | D29: 2.4
B30: 6.1.3 | C30: =VLOOKUP(B30,'MEDIÇÃO 8'!$A$20:$C$224,2,0) -> Chapisco de argamassa de cimento e areia média ou grossa lavada, no traço 1:3, espessura 5 mm | D30: =VLOOKUP(B30,'MEDIÇÃO 8'!$A$20:$C$198,3,0) -> m2 | E30: 0
B31: AMBIENTES EFETIVAMENTE EXECUTADOS
B32: MEDIÇÃO 05 (FALTANTE)
B33: COBERTURA E CAIXA D’ÁGUA (medida “in loco”) – Efetivamente executado
B34: Platibanda Telhado - Paredes externas: 63,10 m x 1,90 m: 119,89 m² (OBS.: Altura considerando a viga de borda da marquise) | D34: 119.89
B35: Platibanda Telhado - Paredes internas: 62,15 m x 1,60 m: 99,44 m² | D35: 99.44
B36: Platibanda Telhado – Topo: 63,10 m x 0,15 m – 4*(0,15 m x 0,15 m) encontros : 9,38 m² | D36: 9.38
B37: Platibanda caixa d’água - Paredes fachadas (lado externo): 9,75 m x 3,20 m.: 29,60 m² – ((0,6*1,5*2))+((0,6+1,5+1,5)*0,15).: 27,80 (OBS.: Altura considerando a viga de borda da marquise): 29,94 | D37: 29.94
B38: Platibanda caixa d’água - Paredes fachadas (lado interno): 9,15 m x 2,90 m.: 26,54 m² | D38: 26.54
B39: Platibanda caixa d’água - Parede h = 2,00 m: 4,55 m (eixo-eixo) x 2,00 m.: 9,10 m² x 2 lados.: 18,20 m² | D39: 18.2
B40: Platibanda caixa d’água - Parede inclinada: 4,90 m (eixo-eixo) x 2,25 m x 2 lados: 22,05 m² (Inclinado ponto alto: 2,50 m, ponto baixo: 2,00 m) | D40: 22.05
B41: Estrutura da caixa d’água: (4,00 m + 4,00 m + 1,80 m) x 0,60 m.: 5,88 m² | D41: 5.88
B42: Fundo das Vigas em balanço: (72,8-(0,15*6))*0,15.: 10,79 m² | D42: 10.79
B43: AMBIENTES EXTERNOS – Efetivamente executado
B44: Fachada frontal.: 12,5*3,1-(1,5*1,1)*2-(1,67*1,6)*2-(2*2,1).: 25,91 m² | D44: 25.91
B45: Fachada lateral 01 (campo).: 20,7*3,1-(3,45*1,6)-(1,5*1,1)-((0,6*0,6)*4)-(2*1,1).: 53,36 m² | D45: 53.36
B46: Fachada lateral 02.: (20,7*3,1)-((1,5*1,1)*4 + (3,95*3)).: 45,72 m² | D46: 45.72
B47: Fachada dos fundos.: 12,5*3,1- ((0,6*0,6)*2 + (1,5*1,1)).: 36,38 m² | D47: 36.38
B48: AMBIENTES INTERNOS
B49: Salão de atividades 01: (27*2,7)-(1,5*1,1*4)-(2*0,8*2,1)+(((2*1,1+1*1,5)*0,15)*4) = 65,16 m² | D49: 65.16
B50: Sala de atividades 02: (22,2*2,7)-(1,5*1,1*1)-(1*0,8*2,1)+(((2*1,1+1*1,5)*0,15)*1) = 57,17 m² | D50: 57.17
B51: Atendimento individual: (14,75*2,7)-(1,5*1,1*1)-(1*0,8*2,1)+(((2*1,1+1*1,5)*0,15)*1) = 37,05 m² | D51: 37.05
B52: Coordenação/Circulação: (17,55*2,7)-(2*1,1*1)-(1*0,8*2,1)+(((2*1,1+1*2)*0,15)*1) = 44,14 m² | D52: 44.135
B53: Área de serviço: (7,05*2,7)-(1,2*1,1*1)-(1*0,8*2,1)+(((2*1,1+1*1,2)*0,15)*1) = 16,55 m² | D53: 16.545
B54: Cozinha: (13,9*2,7)-(1,2*1,1*1)-(2*0,8*2,1)-(1*0,7*2,1)+(((2*1,1+1*1,2)*0,15)*1) = 31,89 m² | D54: 31.89
B55: Despensa: (8,6*2,7)-(0,6*0,6*1)-(1*0,7*2,1)+(((2*0,6+1*0,6)*0,15)*1) = 21,66 m² | D55: 21.66
B56: Almoxarifado: (8,9*2,7)-(0,6*0,6*1)-(1*0,7*2,1)+(((2*0,6+1*0,6)*0,15)*1) = 22,47 m² | D56: 22.47
B57: WC PCD feminino: (7,9*2,7)-(0,6*0,6*1)-(1*0,8*2,1)+(((2*0,6+1*0,6)*0,15)*1) = 19,56 m² | D57: 19.56
B58: WC PCD masculino: (7,9*2,7)-(0,6*0,6*1)-(1*0,8*2,1)+(((2*0,6+1*0,6)*0,15)*1) = 19,56 m² | D58: 19.56
B59: WC feminino: ((7,2*2,7)-(0,6*0,6*1)-(1*0,7*2,1)+(((2*0,6+1*0,6)*0,15)*1) = 17,88 m² | D59: 17.88
B60: WC masculino: (7,2*2,7)-(0,6*0,6*1)-(1*0,7*2,1)+(((2*0,6+1*0,6)*0,15)*1) = 17,88 m² | D60: 17.88
... B63: Circulações: (29,35*2,7)-(0,7*2,1*3)-(5*0,8*2,1)-(2*1,1*2)+(((2*1,1+1*2)*0,15)*2)+(1,35*0,6) = 64,11 m² | D63: 64.11
B64: CRITÉRIO DE MEDIÇÃO m2 (metro quadrado): Medido pela área de chapisco efetivamente executado, a planilha licitada contava com reboco no teto do balanço, o qual não será utilizado devido a necessidade de modernização/melhor condição técnica adotada para a durabilidade da estrutura.
B65: 6.1.4 | C65: =VLOOKUP(B65,'MEDIÇÃO 8'!$A$20:$C$224,2,0) -> Emboço de argamassa de cimento, cal hidratada ch1 e areia média ou grossa lavada no traço 1:0.5:6, espessura 20 mm | D65: =VLOOKUP(B65,'MEDIÇÃO 8'!$A$20:$C$198,3,0) -> m2 | E65: =SUM(D66:D98) -> 807.356
B66: AMBIENTES INTERNOS
B67: Salão de atividades 01: (6,70 m + 6,70 m + 6,80 m + 6,80 m) x 2,70 m. Descontos.: ((1,50 m x 1,10 m) x 2 janelas - 2,00 m²) + ((1,50 m x 1,10 m) x 2 janelas - 2,00 m²)+ ((0,80 m x 2,10 m) + (0,80 m x 2,10 m) - 2,00 m²) = 68,94 m² | D67: 68.94
B68: Sala de atividades 02: (4,40 m + 4,40 m + 6,70 m + 6,70 m) x 2,70 m = 59,94 m² | D68: 59.94
B69: Atendimento individual: (4,80 m + 2,58 m + 4,80 m + 2,58 m) x 2,70 m = 39,85 m² | D69: 39.85
B70: Coordenação/Circulação: (3,98 m + 3,98 m + 4,80 m + 4,80 m) x 2,70 m. Descontos.: (2,00 m x 1,10 m) - (0,80 m x 2,10 m) + 2,00 = 47,41 m² – 1,88 m²: 45,53 m² | D70: 45.53
B71: Almoxarifado: (1,65 m + 1,65 m + 2,80 m + 2,80 m) x 2,70 m = 24,03 m² | D71: 24.03
B72: Recepção: (5,35 m + 5,35 m + 2,60 m + 2,60 m) x 2,70 m. Descontos.: - (2,00 m x 2,10 m) - (0,60 m x 1,50 m x 2 básculas) + 2,00 m² = 42,93 m² – 4,00 m²: 38,93 m² | D72: 38.93
B73: Área externa (ambiente): (5,35 m + 5,35 m + 3,60 m + 3,60 m) x 2,70 m Descontos.: - ((2,00 m x 2,10 m) - (1,67 m x 1,60 m x 2 janelas) + 2,00 m²) – ((3,45 m x 1,60 m) + 2,00 m²) - (2,00 m x 2,10 m) - (0,60 m x 1,50 m x 2 janelas) + 2,00 m²) = 48,33 m² – 7,54 m² -3,52 m² – 4,00m² = 33,27 m² | D73: 33.27
B74: Circulações: (30,9*2,7)+((-0,7*2,1*2)-(2*0,8*2,1)+2)+((-2*1,1)+2)+((-2*1,1-0,8*2,1*2)+2)+ ((-1,35*2,1)+2) = 74,54 m² | D74: 74.54
B75: COBERTURA E CAIXA D’ÁGUA (medida in loco)
B76: Platibanda Telhado - Paredes externas: 63,10 m x 1,90 m: 119,89 m² (OBS.: Altura considerando a viga de borda da marquise) | D76: 119.89
B77: Platibanda Telhado - Paredes internas: 62,15 m x 1,60 m: 99,44 m² | D77: 99.44
B78: Platibanda Telhado – Topo: 63,10 m x 0,15 m – 4*(0,15 m x 0,15 m) encontros : 9,38 m² | D78: 9.38
B79: Platibanda caixa d’água - Paredes fachadas (lado externo): 9,75 m x 3,20 m.: 29,60 m² – ((0,6*1,5*2))+((0,6+1,5+1,5)*0,15).: 27,80 (OBS.: Altura considerando a viga de borda da marquise): 29,94 m² | D79: 29.94
B80: Platibanda caixa d’água - Paredes fachadas (lado interno): 9,15 m x 2,90 m.: 26,54 m² | D80: 26.54
B81: Platibanda caixa d’água - Parede h = 2,00 m: 4,55 m (eixo-eixo) x 2,00 m.: 9,10 m² x 2 lados.: 18,20 m² | D81: 18.2
B82: Platibanda caixa d’água - Parede inclinada: 4,90 m (eixo-eixo) x 2,25 m x 2 lados: 22,05 m² (Inclinado ponto alto: 2,50 m, ponto baixo: 2,00 m) | D82: 22.05
B83: Estrutura da caixa d’água: (4,00 m + 4,00 m + 1,80 m) x 0,60 m.: 5,88 m² | D83: 5.88
B84: AMBIENTES EXTERNOS
B85: Fachada frontal.: 12,50 m x 3,10 m – (((1,5*1,1)*2)-2) + (((1,67*1,6)*2+(2*2,1)) – 2).: 29,91 m² | D85: 29.906
B86: Fachada lateral 01 (campo).: 20,70 m x 3,10 m – ((3,45*1,6)-2) + ((1,5*1,1)-2).: 61,00 m² | D86: 61
B87: Fachada lateral 02.: 20,70 m x 3,10 m – ((3,95*2,8)-2) + ((1,5*1,1*2)-2).: 53,81 m² | D87: 53.81
B88: Fachada dos fundos.: 12,50 m x 3,10 m: 38,75 m² | D88: 38.75
B89: Fundo da viga da cobertura: (73,20-6*0,15)*0,15.: 10,85 m² | D89: 10.85
B90: AMBIENTES COM REVESTIMENTO
B91: WC PCD feminino: (1,65 m + 1,65 m + 2,30 m + 2,30 m) x 2,70 m = 21,33 m² | D91: 21.33
B92: WC PCD masculino: (1,65 m + 1,65 m + 2,30 m + 2,30 m) x 2,70 m = 19,29 m² | D92: 21.33
B93: WC feminino: (1,30 m + 1,30 m + 2,30 m + 2,30 m) x 2,70 m = 17,61 m² | D93: 17.61
B94: WC masculino: (1,30 m + 1,30 m + 2,30 m + 2,30 m) x 2,70 m = 17,61 m² | D94: 17.61
B95: Cozinha: (3,00 m + 3,00 m + 3,95 m + 3,95 m) x 2,70 m – ((0,8*2,1+0,7*2,1)-2) – ((1,2*1,1+0,8*2,1)-2)= 35,38 m² | D95: 35.38
B96: Área de serviço: ((1,55 m + 1,55 m + 3,95 m) x 2,70 m) -((0,8*2,1)+(1,2*1,1)-2) = 18,04 m² | D96: 18.04
B97: Despensa: (1,50 m + 1,50 m + 2,80 m + 2,80 m) x 2,70 m = 23,22 m² | D97: 23.22
B98: Medições anteriores: 257,83 m² | D98: -257.83
B99: CRITÉRIO DE MEDIÇÃO – m2 (metro quadrado) Pela área, não descontar vãos até 2 m². Para vãos superiores a 2 m², descontar apenas o que exceder, em cada vão, a essa área.
B100: 6.1.5 | C100: =VLOOKUP(B100,'MEDIÇÃO 8'!$A$20:$C$224,2,0) -> Reboco de argamassa de cimento, cal hidratada ch1 e areia média ou grossa lavada no traço 1:0.5:6, espessura 5mm | D100: =VLOOKUP(B100,'MEDIÇÃO 8'!$A$20:$C$198,3,0) -> m2 | E100: =SUM(D101:D125) -> 181.71
B101: AMBIENTES INTERNOS
B102: Salão de atividades 01: (6,70 m + 6,70 m + 6,80 m + 6,80 m) x 2,70 m. Descontos.: ((1,50 m x 1,10 m) x 2 janelas - 2,00 m²) + ((1,50 m x 1,10 m) x 2 janelas - 2,00 m²)+ ((0,80 m x 2,10 m) + (0,80 m x 2,10 m) - 2,00 m²) = 68,94 m² | D102: 68.94
B103: Sala de atividades 02: (4,40 m + 4,40 m + 6,70 m + 6,70 m) x 2,70 m = 59,94 m² | D103: 59.94
B104: Atendimento individual: (4,80 m + 2,58 m + 4,80 m + 2,58 m) x 2,70 m = 39,85 m² | D104: 39.85
B105: Coordenação/Circulação: (3,98 m + 3,98 m + 4,80 m + 4,80 m) x 2,70 m. Descontos.: (2,00 m x 1,10 m) - (0,80 m x 2,10 m) + 2,00 = 47,41 m² – 1,88 m²: 45,53 m² | D105: 45.53
B106: Almoxarifado: (1,65 m + 1,65 m + 2,80 m + 2,80 m) x 2,70 m = 24,03 m² | D106: 24.03
B107: Recepção: (5,35 m + 5,35 m + 2,60 m + 2,60 m) x 2,70 m. Descontos.: - (2,00 m x 2,10 m) - (0,60 m x 1,50 m x 2 básculas) + 2,00 m² = 42,93 m² – 4,00 m²: 38,93 m² | D107: 38.93
B108: Área externa (ambiente): (5,35 m + 5,35 m + 3,60 m + 3,60 m) x 2,70 m Descontos.: - ((2,00 m x 2,10 m) - (1,67 m x 1,60 m x 2 janelas) + 2,00 m²) – ((3,45 m x 1,60 m) + 2,00 m²) - (2,00 m x 2,10 m) - (0,60 m x 1,50 m x 2 janelas) + 2,00 m²) = 48,33 m² – 7,54 m² -3,52 m² – 4,00m² = 33,27 m² | D108: 33.27
...
